 Dungeon Crawl Stone Soup version 0.31.0-12-g77e489cdc1 (webtiles) character file.

Game seed: 4580665452089154589

21657 Aneyh the Warrior (level 12, -20/129 HPs)
             Began as a Tengu Monk on Feb 18, 2024.
             Was a High Priest of Hepliaklqana.
             Killed from afar by an ice statue (24 damage)
             ... with a freezing blast
             ... in an ice cave.
             The game lasted 00:32:16 (10509 turns).

Aneyh the Warrior (Tengu Monk)                     Turns: 10509, Time: 00:32:17

Health: -20/129    AC: 13    Str: 15    XL:     12   Next: 92%
Magic:  13/13      EV: 15    Int: 14    God:    Hepliaklqana [*****.]
Gold:   946        SH:  0    Dex: 22    Spells: 11/11 levels left

rFire   + + .        a - +8 quarterstaff "Wuppen" {spect, +Blink rF+ Dex+4 SInv}
rCold   . . .        (shield currently unavailable)
rNeg    . . .        W - +5 scale mail of Xenibras {rPois rF+ Regen+ Int+3}
rPois   +            (helmet restricted)
rElec   .            s - +0 cloak
rCorr   +            e - +0 pair of gloves
SInv    +            (boots unavailable)
Will    .....        G - amulet of magic regeneration Stlth
                     B - ring of poison resistance
HPRegen 1.21/turn    o - ring of resist corrosion
MPRegen 0.53/turn

%: acrobat
@: berserking, on blink cooldown, flying, very quick
A: reduced essence, beak, talons 3, evasive flight, acrobatic, mutation
resistance 1, noise suppression
a: Renounce Religion, Evoke Blink, Recall Ancestor, Ancestor Identity,
Transference, Idealise


You were in an ice cave.
You worshipped Hepliaklqana.
Hepliaklqana was extremely pleased with you.
You visited 2 branches of the dungeon, and saw 12 of its levels.
You also visited: Gauntlet and Ice Cave.

You collected 946 gold pieces.

Inventory:

Hand Weapons
 a - the +8 quarterstaff "Wuppen" (weapon) {spect, +Blink rF+ Dex+4 SInv}
   (You found it on level 4 of the Dungeon)

   Dex+4:     It affects your dexterity (+4).
   rF+:       It protects you from fire.
   SInv:      It lets you see invisible.
   +Blink:    It lets you blink.
 b - a +3 scimitar of flaming
 q - the +7 hammer "Xadwim" {elec, rPois Str-5 SInv}
   (You found it on level 4 of the Dungeon)

   Str-5:     It affects your strength (-5).
   rPois:     It protects you from poison SInv: It lets you see invisible.
 t - a +3 great sword of flaming
 v - the +3 hand axe of Compassion {flame, +Blink Will+}
   (You found it on level 5 of the Dungeon)

   Will+:     It increases your willpower.
   +Blink:    It lets you blink.
 x - a +4 trident
 y - a +0 halberd
 O - a +0 great sword
 U - a +0 glaive
 X - a +2 war axe of venom
 Z - a +0 shortbow
Missiles
 R - 2 throwing nets (quivered)
Armour
 d - the +8 plate armour of Impermeability {*Slow MP-9 Int+8 Slay+2}
   (You found it in a Gauntlet)

   Int+8:     It affects your intelligence (+8).
   Slay+2:    It affects your accuracy & damage with ranged weapons and melee
   (+2).
   MP-9:      It affects your magic capacity (-9).
   *Slow:     It may slow you when you take damage.
 e - a +0 pair of gloves (worn)
 s - a +0 cloak (worn)
 D - the +0 pair of gloves "Suzoth" {Will+}
   (You found it in a Gauntlet)

   Will+:     It increases your willpower.
 N - +0 steam dragon scales
 W - the +5 scale mail of Xenibras (worn) {rPois rF+ Regen+ Int+3}
   (You found it on level 9 of the Dungeon)

   Int+3:     It affects your intelligence (+3).
   rF+:       It protects you from fire.
   rPois:     It protects you from poison Regen+: It increases your rate of
   health regeneration.
Jewellery
 o - a ring of resist corrosion (right hand)
 r - a +6 ring of intelligence
 B - a ring of poison resistance (left hand)
 F - a ring of magical power
 G - an amulet of magic regeneration (around neck)
Wands
 c - a wand of polymorph (15)
 h - a wand of mindburst (8)
 l - a wand of paralysis (7)
 p - a wand of iceblast (5)
 K - a wand of flame (23)
 S - a wand of digging (17)
 Y - a wand of light (12)
Scrolls
 f - 4 scrolls of amnesia
 k - 2 scrolls of revelation
 m - a scroll of torment {unknown}
 A - a scroll of fear {unknown}
 E - a scroll of silence
 H - 7 scrolls of teleportation
 J - 2 scrolls of poison {unknown}
 L - 3 scrolls of enchant armour
 M - a scroll of immolation
 P - a scroll of fog {unknown}
Potions
 g - a potion of might
 i - a potion of haste {unknown}
 j - 6 potions of curing {unknown}
 n - a potion of lignification {unknown}
 z - 2 potions of invisibility {unknown}
 C - 3 potions of resistance
 I - a potion of cancellation
 Q - 2 potions of enlightenment {unknown}
 T - a potion of attraction {unknown}
 V - a potion of heal wounds {unknown}
Miscellaneous
 u - a phantom mirror


   Skills:
 + Level 19.9 Fighting
 - Level 4.8 Long Blades
 - Level 5.0 Staves
 - Level 3.2 Dodging


You had 11 spell levels left.
You didn't know any spells.
Your spell library contained the following spells:

 Spells                   Type           Power      Damage    Failure   Level
 Dazzling Flash           Conj/Hex       0%         N/A       98%         3
 Volatile Blastmotes      Fire/Tloc      0%         2d10      98%         3
 Starburst                Conj/Fire      0%         6d3       100%        6
 Maxwell's Capacitive Co  Air            0%         ∞         100%        8


Dungeon Overview and Level Annotations

Branches:
Dungeon (12/15)            Temple (1/1) D:5            Lair (0/5) D:8
    Orc (0/2) D:9           IceCv (1/1)             Gauntlet (visited)

Altars:
Ashenzari
Cheibriados
Dithmenos
Elyvilon
Fedhas
Gozag
Hepliaklqana
Kikubaaqudgha
Makhleb
Nemelex Xobeh
Okawaru
Qazlal
Ru
Sif Muna
Trog
Uskayaw
Vehumet
Wu Jian
Xom
Yredelemnul
Zin
The Shining One

Portals:
Trove: D:10 (give 2 scrolls of acquirement)

Annotations:
Temple 4 transporters IceCv exclusion: ice statue


Innate Abilities, Weirdness & Mutations

Your life essence is reduced to manifest your ancestor. (-10% HP)
You have a beak for a mouth.
You have claws for feet.
Your magical flight helps you evade attacks. (EV +4)
You can magically evade attacks while moving or waiting.
You are somewhat resistant to further mutation.
You passively dampen the noise of your surroundings.


Message History

Hit: a) +8 quarterstaff "Wuppen" {spect, +Blink rF+ Dex+4 SInv}
Press: ? - help, Dir - move target, f - ice beast
Aim: an ice beast (summoned, about 23% to evade the +8 quarterstaff "Wuppen")
Okay, then.
You blink.
Your +8 quarterstaff "Wuppen" {spect, +Blink rF+ Dex+4 SInv} disappears.
The ice statue gestures.
A red film seems to cover your vision as you go berserk!
You feel yourself moving faster!
You feel mighty!
Khabaw hits the ice beast with a +0 flail.
The ice statue gestures at you. The shard of ice hits you!!
* * * LOW HITPOINT WARNING * * *
The ice beast closely misses you.
You are too berserk!
Unknown command.
You sock the ice beast! You claw the ice beast.
You kill the ice beast!
The ice beast disappears in a puff of smoke!
Khabaw hits the ice beast with a +0 flail!
Unknown command.
You hit the ice statue.
The ice statue is lightly damaged.
Your +8 quarterstaff "Wuppen" {spect, +Blink rF+ Dex+4 SInv} hits the ice statue!
The ice beast misses your +8 quarterstaff "Wuppen" {spect, +Blink rF+ Dex+4 SInv}.
The ice beast hits Khabaw but does no damage.
You completely miss the ice statue. You peck the ice statue.
The ice statue is moderately damaged.
Your +8 quarterstaff "Wuppen" {spect, +Blink rF+ Dex+4 SInv} hits the ice statue!
Khabaw blocks the ice beast's attack.
The ice beast misses your +8 quarterstaff "Wuppen" {spect, +Blink rF+ Dex+4 SInv}.
Khabaw hits the ice beast with a +0 flail!
The ice beast dies!
The ice beast disappears in a puff of smoke!
You sock the ice statue!
The ice statue is severely damaged.
Your +8 quarterstaff "Wuppen" {spect, +Blink rF+ Dex+4 SInv} hits the ice statue!
The ice statue gestures at you. The freezing blast engulfs you!!
You die...

#..###...#
#......##
#....#.)#
##.####.#
#####○.# ##
##.##..#
#:##Y....##
#.(8§R.##
#..#@.####
#. #.## ###


You could see the friendly Khabaw the knight, an ice statue (ally target), an
ice beast (summoned) and a friendly +8 quarterstaff "Wuppen" {spect, +Blink rF+
Dex+4 SInv}.

Vanquished Creatures
  A minotaur (Gauntlet)
  An entropy weaver (Gauntlet)
  Harold (D:8)
  A death scarab (Gauntlet)
  5 two-headed ogres
  Pikel (D:5)
  A deep elf pyromancer (D:12)
  An ugly thing (D:11)
  A manticore (D:10)
  An efreet (D:8)
  A minotaur zombie (Gauntlet)
  Psyche (D:11)
  2 ice devils (D:12)
  A guardian mummy (D:10)
  3 trolls
  Sigmund (D:5)
  A vampire (D:12)
  A spectral black mamba (Gauntlet)
  A shadow (D:10)
  2 wraiths
  3 wyverns
  8 yaks
  Grum (D:9)
  4 steam dragons
  6 vampire mosquitoes
  A harpy simulacrum (Gauntlet)
  An acid dragon (D:12)
  An ice beast (D:5)
  A meliai simulacrum (Gauntlet)
  A sky beast (D:7)
  3 orc warriors
  4 black bears
  2 wolves (D:8)
  4 centaurs
  3 lemures
  4 kobold brigands
  6 bullfrogs
  4 scorpions
  11 wights
  19 killer bees
  4 howler monkeys
  2 electric eels (D:7)
  5 orc priests
  3 jellies
  Crazy Yiuf (D:4)
  3 sleepcaps
  4 iguanas
  5 orc wizards
  A troll simulacrum (IceCv)
  A spriggan simulacrum (IceCv)
  Robin (D:4)
  4 gnolls (D:5)
  8 adders
  9 shadow imps
  3 white imps
  12 ufetubi
  2 dart slugs (D:1)
  23 orcs
  2 bats
  An endoplasm (D:2)
  2 giant cockroaches (D:2)
  14 goblins
  4 hobgoblins
  6 ball pythons
  A frilled lizard (D:1)
  8 kobolds
  2 rats (D:1)
246 creatures vanquished.

Vanquished Creatures (collateral kills)
  A centaur warrior (D:8)
  A boulder beetle (D:11)
  A gargoyle (D:11)
  A jumping spider (Gauntlet)
  A centaur simulacrum (Gauntlet)
  Eustachio (D:6)
  4 yaks
  A steam dragon (D:8)
  A water moccasin (D:5)
  A swamp drake (D:9)
  A sky beast (D:7)
  A meliai simulacrum (Gauntlet)
  An orc warrior (D:9)
  A wolf (D:9)
  3 bullfrogs (D:8)
  5 killer bees
  An orc priest (D:9)
  An iguana (D:7)
  2 orc wizards
  A shadow imp (D:7)
  10 orcs
  2 kobolds (D:8)
42 creatures vanquished.

Vanquished Creatures (others)
  4 knights
  A white imp (D:7)
  An ufetubus (D:7)
  2 spectral weapons
8 creatures vanquished.

Grand Total: 296 creatures vanquished

Notes
Turn   | Place    | Note
-------+----------+-------------------------------------------
     0 | D:1      | Aneyh the Tengu Monk began the quest for the Orb.
     0 | D:1      | Reached XP level 1. HP: 14/14 MP: 2/2
   203 | D:1      | Found a faded altar of an unknown god.
   247 | D:1      | Reached XP level 2. HP: 19/19 MP: 3/3
   907 | D:2      | Reached XP level 3. HP: 20/23 MP: 4/4
  1007 | D:2      | You fall into a shaft and drop 2 floors!
  1015 | D:4      | Identified the +8 quarterstaff "Wuppen" {spect, +Blink rF+
                  | Dex+4 SInv}
  1030 | D:4      | Reached skill level 1 in Staves
  1030 | D:4      | Reached XP level 4. HP: 28/28 MP: 5/5
  1082 | D:4      | Found a glowing golden altar of the Shining One.
  1144 | D:4      | Noticed Robin
  1169 | D:4      | Killed Robin
  1237 | D:4      | Reached XP level 5. HP: 33/33 MP: 6/6
  1316 | D:4      | Found a runed translucent door.
  1317 | D:4      | Identified the +7 hammer "Xadwim" {elec, rPois Str-5 SInv}
  1317 | D:4      | Noticed Crazy Yiuf
  1342 | D:4      | Killed Crazy Yiuf
  1430 | D:4      | Found an ancient bone altar of Kikubaaqudgha.
  1433 | D:4      | Found a burning altar of Makhleb.
  1643 | D:5      | Entered Level 5 of the Dungeon
  1652 | D:5      | Reached skill level 4 in Fighting
  1724 | D:5      | Noticed an ice beast
  1759 | D:5      | Noticed Pikel
  1759 | D:5      | Noticed a lemure
  1759 | D:5      | Noticed a lemure
  1759 | D:5      | Noticed a lemure
  1759 | D:5      | Noticed a lemure
  1767 | D:4      | Killed a lemure
  1771 | D:4      | Killed a lemure
  1818 | D:5      | Identified the +3 hand axe of Compassion {flame, +Blink
                  | Will+}
  1843 | D:5      | Found an iron altar of Okawaru.
  1876 | D:5      | Reached XP level 6. HP: 38/38 MP: 7/7
  1902 | D:5      | Found a staircase to the Ecumenical Temple.
  1910 | Temple   | Found a transporter.
  1910 | Temple   | Found a transporter.
  1910 | Temple   | Found a transporter.
  1910 | Temple   | Found a transporter.
  1910 | Temple   | Entered the Ecumenical Temple
  1930 | Temple   | Became a worshipper of Hepliaklqana the Forgotten
  1930 | Temple   | Reached * piety under Hepliaklqana
  1930 | Temple   | Reached ** piety under Hepliaklqana
  1931 | Temple   | Remembered your ancestor Khabaw as a knight
  1959 | D:5      | Killed Pikel
  1960 | D:5      | Reached skill level 6 in Fighting
  1960 | D:5      | Reached skill level 5 in Staves
  1960 | D:5      | Gained mutation: Your magical flight helps you evade
                  | attacks. (EV +4) [Tengu growth]
  1960 | D:5      | Reached XP level 7. HP: 24/42 MP: 8/8
  2044 | D:5      | Reached skill level 7 in Fighting
  2149 | D:5      | Reached XP level 8. HP: 47/47 MP: 9/9
  2302 | D:5      | Reached skill level 8 in Fighting
  2401 | D:5      | Noticed Sigmund
  2407 | D:5      | Killed Sigmund
  2508 | D:6      | Reached skill level 9 in Fighting
  2757 | D:6      | Noticed Eustachio
  2979 | D:6      | Killed Eustachio
  2980 | D:6      | Reached skill level 10 in Fighting
  2980 | D:6      | Reached XP level 9. HP: 55/55 MP: 10/10
  3341 | D:6      | Reached skill level 11 in Fighting
  3365 | D:6      | Reached skill level 12 in Fighting
  3577 | D:6      | Found a stormy altar of Qazlal.
  3997 | D:7      | Reached XP level 10. HP: 51/64 MP: 11/11
  4052 | D:7      | Reached skill level 13 in Fighting
  4707 | D:7      | Reached *** piety under Hepliaklqana
  4933 | D:8      | Reached skill level 14 in Fighting
  5098 | D:8      | Found a snail-covered altar of Cheibriados.
  5135 | D:8      | Found a staircase to the Lair.
  5359 | D:8      | Noticed a two-headed ogre
  5366 | D:8      | Killed a two-headed ogre
  5367 | D:8      | Reached skill level 15 in Fighting
  5588 | D:8      | Noticed a centaur warrior
  5593 | D:8      | Killed a centaur warrior
  5594 | D:8      | Reached XP level 11. HP: 48/73 MP: 12/12
  5680 | D:8      | Noticed a two-headed ogre
  5691 | D:8      | Killed a two-headed ogre
  6194 | D:9      | Noticed Grum
  6197 | D:9      | Noticed Harold
  6203 | D:9      | Killed Grum
  6216 | D:8      | Reached skill level 16 in Fighting
  6340 | D:8      | Killed Harold
  7027 | D:9      | Identified the +5 scale mail of Xenibras {rPois rF+ Regen+
                  | Int+3}
  7217 | D:9      | Reached skill level 17 in Fighting
  7394 | D:9      | Found a staircase to the Orcish Mines.
  7474 | D:9      | Found a shimmering blue altar of Sif Muna.
  8259 | D:10     | Entered Level 10 of the Dungeon
  8425 | D:10     | Reached **** piety under Hepliaklqana
  8630 | D:10     | Noticed a manticore
  8642 | D:10     | Killed a manticore
  8764 | D:10     | Found a portal to a secret trove of treasure.
  8773 | D:10     | Reached XP level 12. HP: 37/82 MP: 13/13
  8901 | D:10     | Noticed a two-headed ogre
  8908 | D:10     | Killed a two-headed ogre
  8909 | D:10     | Reached skill level 18 in Fighting
  8930 | D:10     | Gained mutation: Armour fits poorly on your strangely
                  | shaped body. [potion of mutation]
  8930 | D:10     | Gained mutation: You passively dampen the noise of your
                  | surroundings. [potion of mutation]
  8930 | D:10     | Gained mutation: You expend magic power (3 MP) to
                  | strengthen your wands. [potion of mutation]
  8931 | D:10     | Lost mutation: You expend magic power (3 MP) to strengthen
                  | your wands. [potion of mutation]
  8931 | D:10     | Lost mutation: Armour fits poorly on your strangely shaped
                  | body. [potion of mutation]
  8931 | D:10     | Gained mutation: You are somewhat resistant to further
                  | mutation. [potion of mutation]
  9149 | D:11     | Noticed a boulder beetle
  9161 | D:11     | Killed a boulder beetle
  9434 | D:11     | Noticed a two-headed ogre
  9441 | D:11     | Killed a two-headed ogre
  9473 | D:11     | Noticed a two-headed ogre
  9478 | D:11     | Killed a two-headed ogre
  9624 | D:11     | Noticed Psyche
  9629 | D:11     | Killed Psyche
  9630 | D:11     | Reached skill level 19 in Fighting
  9920 | D:12     | Found a gate leading to a gauntlet.
  9949 | Gauntlet | Entered a Gauntlet
  9949 | Gauntlet | Found a transporter.
  9949 | Gauntlet | Found a transporter.
  9949 | Gauntlet | Found a transporter.
  9971 | Gauntlet | Found a transporter.
  9981 | Gauntlet | Found a transporter.
  9985 | Gauntlet | Found a transporter.
  9995 | Gauntlet | Found a transporter.
 10007 | Gauntlet | Reached ***** piety under Hepliaklqana
 10015 | Gauntlet | Noticed an entropy weaver
 10016 | Gauntlet | Found a transporter.
 10033 | Gauntlet | Found a transporter.
 10037 | Gauntlet | Found a transporter.
 10051 | Gauntlet | Found a transporter.
 10051 | Gauntlet | Found a transporter.
 10064 | Gauntlet | Noticed a death scarab
 10093 | Gauntlet | Noticed a quicksilver ooze
 10203 | Gauntlet | Killed a death scarab
 10258 | Gauntlet | Identified the +0 helmet "Kiufepurgh" {Fly rCorr Str+4
                  | Int-2}
 10272 | Gauntlet | Killed an entropy weaver
 10279 | Gauntlet | Identified the +0 pair of gloves "Suzoth" {Will+}
 10314 | Gauntlet | Noticed a minotaur
 10327 | Gauntlet | Killed a minotaur
 10351 | Gauntlet | Identified the +8 plate armour of Impermeability {*Slow
                  | MP-9 Int+8 Slay+2}
 10420 | D:12     | Found a frozen archway.
 10440 | IceCv    | Entered an ice cave
 10505 | IceCv    | HP: 1/129 [ice statue/shard of ice (25)]
 10509 | IceCv    | Killed from afar by an ice statue

Illustrated notes

Levels and vault maps discovered:
D:1:      erik_arrival_cave_to_civilisation [erik_arrival_cave_to_hall],
          layout_basic, ebering_ecumenical_altar_box
D:2:      layout_rooms, minmay_circle_x
D:4:      layout_rooms, lemuel_round_altar, mainiacjoe_overflow_catwalk_spiral,
          kennysheep_boxes, uniq_robin, uniq_crazy_yiuf_cottage
D:5:      layout_rooms, lemuel_coloured_pillars_altar, temple_green,
          minmay_crystal_room, minmay_misc_feat_alley, uniq_pikel, uniq_sigmund
D:6:      layout_loops_ring, kennysheep_little_box, uniq_eustachio
D:7:      layout_basic, serial_demonic, serial_demonic_b, serial_demonic_a,
          serial_demonic_f, serial_demonic_g, serial_demonic_b,
          serial_demonic_f, serial_demonic_g, serial_demonic_a,
          serial_demonic_e, serial_demonic_f
D:8:      cheibrodos_ideogram_h, layout_rooms, nicolae_overflow_crystal_walls,
          dpeg_oklobed_lair, corexii_corridor_pit
D:9:      layout_loops_ring, led_sif_pool, erik_orc_1, uniq_harold, uniq_grum
D:10:     layout_gridville, nicolae_trove_entry_path_of_doom
D:11:     layout_roguey, uniq_psyche
D:12:     layout_loops_ring, portal_ice_cave_demonic_guard,
          gauntlet_entry_generic
Temple:   hellmonk_temple_divided_pantheon
IceCv:    ice_cave_caverns_02

Skill      XL: |  1  2  3  4  5  6  7  8  9 10 11 12 |
---------------+-------------------------------------+-----
Long Blades    | 4 |  4.8
Staves         | 1 2 4 5 |  5.0
Fighting       | 4 6 7 10 12 15 17 19 | 19.9
Dodging        | |  3.2

Action                     |  1- 3 |  4- 6 |  7- 9 | 10-12 || total
---------------------------+-------+-------+-------+-------++-------
  Melee: Falchion          |    47 |       |       |       ||    47
         Kick              |    13 |    10 |    33 |   137 ||   193
         Punch             |     1 |       |       |     1 ||     2
         Peck              |     3 |     8 |    18 |    87 ||   116
         Quarterstaff      |     3 |    53 |   110 |   304 ||   470
         Halberd           |       |       |    14 |    51 ||    65
         Scimitar          |       |       |       |    34 ||    34
  Throw: Throwing net      |       |       |       |     1 ||     1
 Invoke: Ancestor Life: Kn |       |     1 |       |       ||     1
         Recall Ancestor   |       |       |       |     5 ||     5
Ability: Evoke Blink       |     1 |     1 |       |     3 ||     5
    Use: Potion            |       |     1 |       |     5 ||     6
         Scroll            |       |       |       |    15 ||    15
   Stab: Distracted        |       |     1 |     5 |     9 ||    15
         Sleeping          |       |     1 |     3 |     3 ||     7
 Armour: Robe              |    20 |    22 |       |       ||    42
         Leather armour    |       |    12 |    35 |    11 ||    58
         Steam dragon scal |       |       |       |   101 ||   101
         Scale mail        |       |       |       |   128 ||   128
  Dodge: Dodged            |    38 |    56 |    95 |   413 ||   602
